Map: Astillero orbital

Players

xXkazperXx - Winner!

  • Race: Zerg Zerg

RANURA DE IA (Fácil)

  • Race: Zerg Zerg

VOD

Have the link to the VOD?

Description

Time

  • Played on: March 8, 2016, 12:52 a.m.
  • Length: 25:42
Show
View Real Time Build Order
Export as new Build Order

xXkazperXx Zerg - Winner!

Build Orders: Pool First, Lurkers, Muta Ling Bane 

Get SALT Encoding   

  12  0:02  Drone  
  13  0:12  Drone  
  14  0:17  Overlord  
  14  0:26  Extractor  
  14  0:28  Drone  
  14  0:35  Drone  
  15  0:49  Spawning Pool  
  14  0:54  Drone x2  
  16  1:09  Drone x2  
  18  1:19  Extractor  
  18  1:20  Drone  
  18  1:41  Zergling x4  
  18  1:44  Queen  
  22  1:59  Overlord  
  22  2:18  Drone x2  
  22  2:19  Pneumatized Carapace  
  24  2:29  Hatchery, Drone  
  24  2:40  Metabolic Boost  
  24  2:56  Zergling x2  
  24  2:57  Zergling x4  
  27  3:07  Roach Warren  
  27  3:08  Zergling x6  
  29  3:39  Hatchery  
  28  4:00  Roach x3  
  34  4:06  Drone x2  
  36  4:14  Overlord  
  36  4:33  Drone x5  
  41  5:06  Lair  
  41  5:10  Drone x4  
  41  5:11  Drone x2  
  47  5:15  Drone x3  
  47  5:19  Overlord  
  50  5:38  Roach x2  
  54  5:44  Drone  
  55  6:06  Drone x3  
  58  6:14  Overlord  
  58  6:15  Overlord x2  
  58  6:35  Drone  
  58  6:36  Drone x2  
  58  6:38  Drone x6  
  67  6:45  Hydralisk Den  
  66  6:50  Infestation Pit  
  65  7:00  Spire  
  64  7:12  Evolution Chamber  
  63  7:19  Baneling Nest  
  63  7:21  Drone x3  
  65  7:28  Extractor  
  64  7:31  Drone x3  
  64  7:32  Extractor  
  64  7:35  Drone x3  
  69  7:39  Drone x2  
  69  7:43  Extractor  
  70  8:00  Hydralisk x2  
  70  8:03  Hydralisk x2  
  70  8:04  Hydralisk x2  
  82  8:12  Overlord  
  82  8:13  Overlord  
  82  8:15  Overlord  
  82  8:43  Tunneling Claws  
  82  8:48  Lurker Den  
  82  8:51  Drone  
  82  8:52  Drone x5  
  82  8:54  Drone x2  
  82  8:55  Drone x3  
  93  8:59  Drone x4  
  97  9:10  Centrifical Hooks  
  97  9:16  Hive  
  97  9:18  Burrow  
  97  9:24  Queen  
  97  9:26  Mutalisk x2  
  97  9:29  Overlord x3  
  103  9:42  Mutalisk  
  105  9:47  Mutalisk x2  
  99  10:26  Roach x5  
  109  10:29  Queen  
  111  10:37  Ultralisk Cavern  
  110  10:43  Viper x4  
  110  10:44  Viper x2  
  128  10:54  Overseer  
  128  10:56  Hydralisk x4  
  128  11:01  Roach x10  
  128  11:24  Greater Spire  
  128  11:37  Overlord x3  
  128  11:41  Drone  
  129  12:04  Extractor  
  128  12:14  Hatchery  
  127  12:26  Lurker  
  127  12:27  Lurker x3  
  131  12:40  Baneling x2  
  131  12:41  Baneling x3  
  131  13:03  Ravager x3  
  134  13:15  Corruptor x4  
  134  13:16  Corruptor x3  
  134  13:19  Hydralisk x2  
  152  13:23  Overlord x3  
  152  13:24  Overlord x2  
  152  13:35  Drone  
  153  13:51  Drone x2  
  141  14:36  Drone x3  
  144  14:44  Brood Lord x4  
  152  15:48  Spine Crawler  
  152  15:49  Spine Crawler  
  150  15:51  Spore Crawler  
  150  15:52  Spore Crawler  
  150  15:56  Spine Crawler  
  147  16:00  Spore Crawler  
  146  16:04  Spine Crawler  
  145  16:14  Drone x3  
  145  16:15  Drone x4  
  152  16:22  Mutalisk x4  
  152  16:23  Mutalisk x5  
  170  16:26  Hydralisk  
  170  16:27  Hydralisk x8  
  188  16:43  Zergling x4  
  188  16:45  Zergling x2  
  191  16:58  Zergling x6  
  194  17:01  Zergling x4  
  194  17:02  Zergling x2  
  194  17:08  Hydralisk  
  199  17:16  Baneling x4  
  199  17:30  Baneling x7  
  199  17:31  Baneling x7  
  191  18:40  Hatchery  
  190  18:42  Hatchery  
  173  20:30  Lurker  
  173  20:31  Lurker x4  
  178  20:53  Drone x3  
  181  20:57  Extractor  
  181  21:00  Extractor  
  176  22:58  Ravager x4  
  178  24:06  Hydralisk x3  
  178  24:09  Hydralisk x3  
Show
View Real Time Build Order
Export as new Build Order

RANURA DE IA (Fácil) Zerg 

Build Orders: Hatch First 

Get SALT Encoding   

  12  0:00  Drone  
  13  0:12  Overlord  
  13  0:17  Drone  
  14  0:30  Drone  
  14  0:34  Drone  
  16  0:48  Hatchery  
  15  0:52  Drone  
  16  1:10  Spawning Pool  
  15  1:12  Extractor  
  15  1:13  Drone  
  15  1:17  Drone  
  16  1:24  Overlord  
  16  1:59  Queen  
  16  2:00  Zergling x4, Roach Warren  
  20  2:01  Drone  
  20  2:03  Extractor  
  20  2:05  Drone  
  20  2:24  Drone  
  20  2:28  Drone  
  22  2:33  Drone  
  23  2:37  Drone  
  23  2:41  Roach, Drone  
  23  2:43  Roach  
  29  2:48  Drone  
  30  2:53  Overlord  
  30  3:02  Lair  
  30  3:25  Zergling x2  
  31  3:36  Extractor  
  31  3:37  Drone  
  31  3:39  Zergling x2  
  32  3:43  Drone  
  32  3:47  Drone  
  34  3:52  Drone  
  34  3:53  Overlord  
  35  3:56  Drone  
  35  4:02  Spire  
  35  4:04  Drone  
  35  4:08  Drone  
  37  4:13  Drone  
  39  4:17  Zergling x2, Drone  
  39  4:22  Drone  
  41  4:24  Overlord  
  41  4:26  Drone  
  42  4:31  Drone  
  42  4:36  Drone  
  44  4:40  Zergling x2  
  44  4:43  Drone  
  46  4:47  Drone  
  46  4:52  Drone  
  48  4:54  Zergling x2  
  48  4:56  Overlord  
  48  4:58  Drone  
  50  5:02  Drone  
  52  5:07  Drone  
  52  5:11  Overseer  
  52  5:12  Overseer  
  52  5:14  Drone  
  53  5:15  Mutalisk  
  53  5:16  Overlord  
  53  5:18  Drone  
  56  5:23  Drone  
  56  5:27  Drone  
  58  5:29  Mutalisk  
  58  5:34  Drone  
  61  5:39  Drone  
  62  5:44  Mutalisk  
  62  5:45  Drone  
  62  5:46  Overlord  
  62  5:49  Drone  
  66  5:53  Drone  
  67  5:57  Drone  
  67  5:58  Mutalisk  
  70  6:08  Extractor, Drone  
  70  6:12  Drone  
  71  9:21  Pneumatized Carapace  
  71  9:22  Overlord  
  71  9:23  Infestation Pit, Overseer  
  70  9:24  Hydralisk Den  
  70  9:26  Evolution Chamber  
  68  9:31  Hatchery  
  67  9:40  Overlord  
  67  9:52  Zerg Melee Weapons Level 1  
  66  9:53  Hydralisk  
  56  10:04  Overseer  
  56  10:05  Hive  
  50  10:15  Zergling x2  
  50  10:18  Overseer  
  51  10:35  Hydralisk  
  53  10:45  Drone  
  53  10:49  Drone  
  55  10:51  Extractor  
  55  10:54  Drone  
  55  10:56  Extractor  
  54  10:58  Drone  
  54  11:02  Drone  
  54  11:03  Overseer  
  56  11:07  Drone  
  57  11:18  Ultralisk Cavern  
  57  11:20  Drone  
  57  11:24  Overlord, Overseer  
  57  11:46  Zerg Missile Weapons Level 1  
  57  12:08  Ultralisk  
  63  12:29  Ultralisk  
  69  13:37  Overlord, Ultralisk  
  69  13:38  Zerg Flyer Weapons Level 1  
  69  13:40  Zerg Ground Armor Level 1  
  75  14:06  Zergling x2  
  59  14:21  Ultralisk  
  65  14:33  Hatchery  
  65  14:34  Hydralisk  
  66  14:49  Ultralisk  
  72  15:03  Hydralisk  
  74  15:32  Zerg Flyer Armor Level 1  
  74  15:34  Zerg Melee Weapons Level 2  
  74  15:46  Drone  
  75  16:09  Extractor  
  75  16:10  Drone  
  75  16:17  Extractor  
  74  16:19  Drone  
  75  17:43  Zergling x2  
  75  17:50  Zerg Ground Armor Level 2  
  53  17:59  Ultralisk  
  53  18:00  Overlord  
  53  18:01  Overseer  
  59  18:14  Ultralisk  
  65  18:20  Overlord  
  65  18:28  Hydralisk  
  67  18:43  Hydralisk  
  68  18:56  Overlord  
  68  18:58  Hydralisk  
  56  19:13  Roach  
  56  19:15  Overlord  
  58  19:26  Hydralisk  
  60  19:34  Overlord  
  60  19:41  Hydralisk  
  62  19:56  Roach  
  64  20:05  Zerg Missile Weapons Level 2  
  60  20:10  Hydralisk  
  55  20:16  Drone  
  55  20:20  Drone  
  54  20:25  Roach, Drone  
  56  20:29  Drone  
  56  20:31  Hatchery  
  56  20:33  Overlord, Overseer, Drone  
  57  20:37  Extractor  
  57  20:38  Drone  
  57  20:39  Hydralisk  
  59  20:48  Overseer  
  59  20:52  Overlord  
  59  20:54  Roach  
  61  21:00  Drone  
  62  21:04  Drone  
  62  21:09  Zergling x2, Drone  
  65  21:13  Drone  
  65  21:18  Overlord, Ultralisk, Drone  
  69  21:23  Overseer, Drone  
  69  21:25  Ultralisk  
  71  21:28  Drone  
  71  21:31  Ultralisk  
  72  21:33  Drone  
  72  21:34  Overseer  
  72  21:37  Overlord, Drone  
  72  21:38  Roach  
  71  21:42  Drone  
  71  21:46  Ravager  
  70  21:47  Drone  
  70  21:50  Ravager  
  70  21:52  Drone  
  70  21:53  Zergling x2  
  68  21:56  Drone  
  68  22:01  Roach, Drone  
  67  22:05  Drone  
  67  22:06  Queen  
  67  22:07  Roach  
  60  22:10  Overseer  
  60  22:11  Drone  
  60  22:13  Extractor  
  60  22:14  Roach  
  39  22:16  Hatchery, Drone  
  39  22:18  Extractor, Overseer  
  39  22:20  Overseer, Drone  
  39  22:22  Overlord  
  32  22:25  Extractor, Drone  
  32  22:28  Roach  
  32  22:29  Drone  
  33  22:33  Extractor, Drone  
  31  22:38  Extractor, Drone  
  31  22:40  Roach, Overlord  
  31  22:43  Drone  
  31  22:44  Overseer  
  30  22:47  Roach, Drone  
  30  22:52  Drone  
  30  22:53  Extractor  
  30  22:54  Queen  
  30  22:56  Drone  
  31  22:59  Roach  
  31  23:00  Drone  
  31  23:05  Hydralisk, Drone  
  33  23:09  Drone  
  33  23:12  Roach  
  35  23:13  Drone  
  35  23:17  Drone  
  35  23:19  Roach  
  36  23:22  Drone  
  36  23:25  Roach  
  36  23:26  Drone  
  39  23:32  Roach  
  41  23:35  Drone  
  41  23:38  Queen  
  41  23:40  Drone  
  37  23:43  Roach, Overlord  
  37  23:44  Lair  
  37  23:45  Drone  
  37  23:55  Spawning Pool, Drone  
  32  24:04  Overlord  
  32  24:06  Drone  
  31  24:19  Evolution Chamber  
  31  24:22  Overlord, Drone  
  28  24:27  Drone  
  28  24:31  Drone  
  29  24:36  Drone  
  23  24:41  Drone  
  23  24:43  Overseer x2  
  23  24:44  Zergling x2  
  23  24:45  Queen  
  21  24:47  Drone  
  21  24:48  Roach Warren  
  21  24:51  Drone  
  21  24:53  Hydralisk Den  
  21  24:58  Zergling x2  
  21  25:08  Drone  
  21  25:12  Overlord  
  21  25:13  Zergling x2, Drone  
  21  25:19  Overlord  
  15  25:21  Drone  
Tags
 
Add a new tag
Caveats
  • Supply blocks, unpowered buildings, or Contaminate may cause inaccurate times.
  • Supply counts are checked every 10 seconds.